AoeStats
← chenya_ko

Arabia

507839664Analyzed
1v1 RM · 14d ago on Sep 19, 2026· 50m 25s· 2 players
Game mode
Random Map
Map size
Tiny (2 player)
Population
200
Speed
Normal
Resources
Standard
Victory
Conquest
Starting age
Dark Age
Ending age
Imperial Age
RankedLock teamsTeams togetherTeam positionsShared explorationLock speedFull tech treeHidden civsTurbo modeCheats
Victory
Defeat
🇹🇼 Japanese · Taiwan
1077
+17
🇫🇷 Khmer · France
1100
-17
chenya_ko
2:21 Loom
9:49 Feudal Age
10:01 Man-at-Arms
12:47 Double-Bit Axe
16:34 Wheelbarrow
16:04 Fletching
17:10 Padded Archer Armor
23:25 Castle Age
21:14 Horse Collar
21:50 Scale Mail Armor
21:48 Gold Mining
21:50 Arson
22:44 Forging
23:36 Long Swordsman
24:01 Gambesons
23:45 Elite Skirmisher
25:28 Iron Casting
25:32 Squires
25:57 Chain Mail Armor
26:18 Bow Saw
26:56 Bodkin Arrow
27:11 Town Watch
28:12 Leather Archer Armor
30:16 Gold Shaft Mining
29:32 Stone Mining
30:40 Heavy Plow
32:09 Hand Cart
36:06 Ballistics
38:52 Imperial Age
35:53 Pikeman
38:58 Two-Handed Swordsman
40:11 Plate Mail Armor
39:42 Bracer
41:13 Chemistry
42:22 Blast Furnace
41:53 Ring Archer Armor
42:40 Thumb Ring
42:11 Champion
Neofix
8:11 Loom
10:27 Feudal Age
18:19 Fletching
20:02 Double-Bit Axe
22:45 Castle Age
21:24 Padded Archer Armor
24:22 Bodkin Arrow
24:43 Leather Archer Armor
24:15 Elite Skirmisher
27:54 Crossbowman
30:46 Ballistics
39:04 Imperial Age
39:52 Bracer
40:24 Ring Archer Armor
40:57 Chemistry
40:26 Scale Barding Armor
42:26 Wheelbarrow
42:24 Forging
42:51 Bloodlines
43:14 Chain Barding Armor
43:55 Cavalier
Connection lost

Rejoining the realm…

Still unreachable

The connection could not be restored.

Session expired

The server has moved on; the page needs a fresh start.